 Dungeon Sprint DCSS version 0.27-a0-223-ge082b6e869 (webtiles) character file.

Game seed: 17826226162073730872

18698 sahdkjhfkaj the Gnoll Aeon (level 12, -14/102 HPs)
             Began as a Gnoll Fire Elementalist on Feb 1, 2021.
             Was the Champion of Cheibriados.
             Demolished by an orc warlord
             ... wielding a +0 war axe
              (42 damage)
             ... in the Dungeon (Sprint V: "Ziggurat Sprint").
             The game lasted 00:05:12 (1711 turns).

sahdkjhfkaj the Gnoll Aeon (GnFE)                   Turns: 1711, Time: 00:05:13

Health: -14/102    AC: 24    Str: 23    XL:     12   Next: 61%
Magic:  18/28      EV:  8    Int: 47    God:    Cheibriados [******]
Gold:   0          SH: 32    Dex: 27    Spells: 16/36 levels left

rFire    + . .     SeeInvis .   a - +7 Singing Sword {vorpal, sonic wave}
rCold    + . .     Faith    .   z - +18 shield of the Gong {rElec rN+ Will+ EV-5}
rNeg     + . .     Spirit   .   u - +5 gold dragon scales
rPois    +         Reflect  .   (no helmet)
rElec    +         Harm     .   v - +0 cloak {rCorr}
rCorr    +         Rampage  .   (no gloves)
Will     +....     NoTele   +   (no boots)
Stlth    ..........             (no amulet)
HPRegen  0.27/turn              M - +6 ring of intelligence
MPRegen  0.21/turn              N - +6 ring of intelligence

@: very slow
A: distributed training, fangs 1, strong nose
a: Renounce Religion, Bend Time, Temporal Distortion, Slouch, Step From Time


You were in the Dungeon.
You worshipped Cheibriados.
Cheibriados was exalted by your worship.
You visited 1 branch

Inventory:

Hand Weapons
 a - the +7 Singing Sword (weapon) {vorpal, sonic wave}
   (You found it in the Dungeon)

   It inflicts extra damage upon your enemies.
Armour
 u - +5 gold dragon scales (worn)
   (You found it in the Dungeon)
 v - a +0 cloak of preservation (worn)
   (You found it in the Dungeon)
 z - the +18 shield of the Gong (worn) {rElec rN+ Will+ EV-5}
   (You found it in the Dungeon)

   It affects your evasion (-5).
   It insulates you from electricity.
   It protects you from negative energy.
   It affects your willpower, your defense against some magical effects.
Jewellery
 M - a +6 ring of intelligence (left hand)
   (You found it in the Dungeon)
 N - a +6 ring of intelligence (right hand)
   (You found it in the Dungeon)
Wands
 d - a wand of iceblast (7)
   (You found it in the Dungeon)
 s - a wand of mindburst (7)
   (You found it in the Dungeon)
 x - a wand of acid (7)
   (You found it in the Dungeon)
Scrolls
 h - 4 scrolls of blinking
 m - 4 scrolls of amnesia
 n - 7 scrolls of fog
 o - 5 scrolls of identify {@r1}
 p - 5 scrolls of remove curse {@r2}
 q - 2 scrolls of fear
 r - a scroll of holy word
 y - a scroll of brand weapon
 B - 4 scrolls of enchant weapon
Potions
 b - 2 potions of brilliance
 c - 10 potions of curing {@q1}
 e - 6 potions of haste {@q3}
 f - 7 potions of magic
 g - 3 potions of berserk rage
 i - 2 potions of invisibility
 j - 4 potions of resistance
 k - a potion of experience
 l - 5 potions of might
 t - 6 potions of heal wounds {@q2}
Miscellaneous
 w - a tin of tremorstones (2/2)
   (You found it in the Dungeon)
 L - a lightning rod (4/4) {!a}
   (You found it in the Dungeon)


   Skills:
 + Level 11.8 Fighting
 + Level 11.8 Short Blades
 + Level 11.8 Long Blades
 + Level 11.8 Axes
 + Level 11.8 Maces & Flails
 + Level 11.8 Polearms
 + Level 11.8 Staves
 + Level 11.8 Slings
 + Level 11.8 Bows
 + Level 11.8 Crossbows
 + Level 11.8 Throwing
 + Level 11.8 Armour
 + Level 12.5 Dodging
 + Level 12.4 Stealth
 + Level 11.8 Shields
 + Level 11.8 Unarmed Combat
 + Level 12.7 Spellcasting
 + Level 10.3 Conjurations
 + Level 10.1 Hexes
 + Level 10.1 Summonings
 + Level 10.1 Necromancy
 + Level 10.1 Translocations
 + Level 10.1 Transmutations
 + Level 11.4 Fire Magic
 + Level 10.1 Ice Magic
 + Level 10.1 Air Magic
 + Level 10.1 Earth Magic
 + Level 10.1 Poison Magic
 + Level 12.7 Invocations
 + Level 11.8 Evocations


You had 16 spell levels left.
You knew the following spells:

 Your Spells              Type           Power        Failure   Level
a - Foxfire               Conj/Fire      100%         1%          1
f - Fire Storm            Conj/Fire      46%          100%        9
g - Silence               Hex/Air        45%          26%         5
F - Summon Forest         Summ/Tloc      45%          26%         5

Your spell library contained the following spells:

 Spells                   Type           Power        Failure   Level
 Magic Dart               Conj           100%         1%          1
 Summon Small Mammal      Summ           100%         1%          1
 Blink                    Tloc           N/A          1%          2
 Call Imp                 Summ           90%          1%          2
 Corpse Rot               Necr/Air       N/A          1%          2
 Passwall                 Tmut/Erth      75%          1%          2
 Searing Ray              Conj           100%         1%          2
 Slow                     Hex            90%          1%          2
 Swiftness                Air            90%          1%          2
 Conjure Flame            Conj/Fire      93%          1%          3
 Call Canine Familiar     Summ           90%          2%          3
 Dazzling Flash           Conj/Hex       100%         2%          3
 Inner Flame              Hex/Fire       92%          2%          3
 Mephitic Cloud           Conj/Pois/Air  90%          2%          3
 Stone Arrow              Conj/Erth      100%         2%          3
 Summon Guardian Golem    Hex/Summ       90%          2%          3
 Sticky Flame             Conj/Fire      93%          7%          4
 Fulminant Prism          Conj/Hex       45%          9%          4
 Iskenderun's Mystic Bla  Conj/Tloc      90%          9%          4
 Cause Fear               Hex            45%          10%         4
 Passage of Golubria      Tloc           N/A          10%         4
 Summon Ice Beast         Ice/Summ       90%          10%         4
 Summon Lightning Spire   Summ/Air       90%          10%         4
 Fireball                 Conj/Fire      46%          19%         5
 Bolt of Magma            Conj/Fire/Erth 46%          22%         5
 Lee's Rapid Deconstruct  Erth           45%          26%         5
 Summon Mana Viper        Hex/Summ       90%          26%         5
 Yara's Violent Unravell  Hex/Tmut       45%          26%         5
 Iron Shot                Conj/Erth      45%          80%         6
 Eringya's Noxious Bog    Tmut/Pois      45%          82%         6
 Hydra Form               Tmut           45%          82%         6
 Invisibility             Hex            90%          82%         6
 Shadow Creatures         Summ           N/A          82%         6
 Summon Hydra             Summ           45%          100%        7
 Chain Lightning          Conj/Air       45%          100%        8
 Discord                  Hex            45%          100%        8
 Lehudib's Crystal Spear  Conj/Erth      45%          100%        8
 Absolute Zero            Ice            45%          100%        9


Dungeon Overview and Level Annotations

Branches:
Dungeon (1/1)

Altars:
Ashenzari
Cheibriados
Dithmenos
Elyvilon
Fedhas
Gozag
Hepliaklqana
Kikubaaqudgha
Makhleb
Nemelex Xobeh
Okawaru
Qazlal
Ru
Sif Muna
Trog
Uskayaw
Vehumet
Wu Jian
Xom
Yredelemnul
Zin
The Shining One
Beogh
Jiyva
Lugonu

Annotations:
D 1 transporter


Innate Abilities, Weirdness & Mutations

Your experience applies equally to all skills.
You have very sharp teeth.
Your uncanny sense of smell can sniff out nearby items.


Message History

Unknown command.
You hit the orc warlord but do no damage.
The Screaming Sword booms, "THIS IS THE COLOUR OF PAIN!"
You send a blast of sound all around you.
The orc knights and the orc warlord are blasted.
You kill the orc knight!
Cheibriados appreciates the change of pace.
You kill the orc knight!
Cheibriados appreciates the change of pace.
Your bite misses the orc warlord. You block the orc warlord's attack.
BONNNG!
Unknown command.
Unknown command.
You closely miss the orc warlord.
The orc knight shoots a bolt.
GONNNNG!
You block the bolt. You block the orc warlord's attack.
GONNNNG!
Unknown command.
Unknown command.
The orc warlord no longer looks unusually strong.
The orc knight unwields a +0 arbalest.
The orc knight wields a +0 antimagic dire flail.
The orc knight hits you with a +0 antimagic dire flail!
* * * LOW HITPOINT WARNING * * *
You feel your power leaking away. You block the orc warlord's attack.
GONNNNG!
The orc knight roars a battlecry!
The orc warlord goes into a battle-frenzy!
The orc warlord hits you with a +0 war axe!!
* * * LOW HITPOINT WARNING * * *
You block the orc knight's attack.
BONNNG!
You block the orc warlord's attack.
SHROANNG!
You block the orc knight's attack.
GONNNNG!
Things that are here:
a +0 bardiche; a +0 plate armour Unknown command.
You hit the orc warlord but do no damage.
You block the orc warlord's attack.
GONNNNG!
You block the orc knight's attack.
GONNNNG!
Unknown command.
Unknown command.
You slash the orc warlord!
The orc warlord hits you with a +0 war axe!!!
You die...

▓.........▓. ▓▓▓▓▓▓
▓▓▓▓▓.▓.....▓.▓.
....8©8.:..▓....©....▓.
▓♣.|)}|♣)♣≈≈▓▓▓▓▓▓▓▓▓▓▓▓
▓..♣.}}[}≈≈≈▓...8©8...▓.
▓......≈..≈.▓..}=)|?..▓.
▓......≈[≈≈≈▓...=|=...▓.
∆
▓....)).≈≈≈≈▓.........▓.
▓....)o@o.≈≈▓.........▓.
▓..▓).)..▓.≈▓..)......▓.
▓.▓♣..▓.▓ ▓..†.)....▓.
▓..▓.....▓..▓.▓.....▓.▓.
▓....♣©.....▓....©....▓.
▓▓▓▓▓▓▓▓▓▓▓▓▓▓▓▓▓▓▓▓▓▓▓▓
▓...8©8...▓...8©8...▓...
▓..|.)).|.▓..[|}.[..▓...
▓..)?=?[..▓..)}÷="..▓...


You could see an orc warlord (strong) and an orc knight (strong).

Vanquished Creatures
  A pandemonium lord (D)
  A yaktaur captain (D)
  3 naga warriors (D)
  A vault guard (D)
  2 anacondas (D)
  A soul eater (D)
  A wizard (D)
  An ironbrand convoker (D)
  4 orc knights (D)
  2 guardian serpents (D)
  A naga mage (D)
  4 black mambas (D)
  An orange demon (D)
  A yaktaur (D)
  A red devil (D)
  2 trolls (D)
  4 slime creatures (D)
  A ynoxinul (D)
  2 golden eyes (D)
  2 water moccasins (D)
  A naga (D)
  5 orc warriors (D)
  2 necrophages (D)
  An ogre (D)
  3 wights (D)
  A quasit (D)
  A jelly (D)
  4 orc priests (D)
  An iguana (D)
  An orc wizard (D)
  4 adders (D)
  A white imp (D)
  An ufetubus (D)
  6 oozes (D)
  2 adder zombies (D)
  An adder skeleton (D)
  5 orcs (D)
  2 ball pythons (D)
  A bat skeleton (D)
  A jackal (D)
  A giant cockroach zombie (D)
  A jackal zombie (D)
  A leopard gecko skeleton (D)
  A leopard gecko zombie (D)
84 creatures vanquished.

Notes
Turn   | Place    | Note
-------+----------+-------------------------------------------
     0 | D        | sahdkjhfkaj the Gnoll Fire Elementalist began the quest for
                  | the Orb.
     0 | D        | Reached XP level 1. HP: 13/13 MP: 6/6
     0 | D        | Found a shimmering blue altar of Sif Muna.
     0 | D        | Found a sacrificial altar of Ru.
     0 | D        | Found a bloodstained altar of Trog.
     0 | D        | Found a stormy altar of Qazlal.
     0 | D        | Found an iron altar of Okawaru.
     0 | D        | Found a sparkling altar of Nemelex Xobeh.
     0 | D        | Found a blossoming altar of Fedhas.
     1 | D        | Found the +6 Majin-Bo {vamp, MP+6 Int+6}
     1 | D        | Found the +9 heavy crossbow "Sniper" {vorpal, Acc+∞ SInv}
     1 | D        | Found the +10 dark maul {vorpal}
     1 | D        | Found the +15 Maxwell's patent armour {-Cast -Tele rElec
                  | Will+ rCorr}
     1 | D        | Found the +18 shield of the Gong {rElec rN+ Will+ EV-5}
     1 | D        | Found the cursed +14 obsidian axe {vorpal, +Fly SInv
                  | *Curse}
     1 | D        | Found the +7 great mace "Firestarter" {inner flame, rF++}
     1 | D        | Found the +6 shillelagh "Devastator" {shatter}
     1 | D        | Found the +11 plutonium sword {*Contam Stlth-}
     1 | D        | Found the +8 lance "Wyrmbane" {slay drac, rPois rF+ rC+
                  | AC+3}
     1 | D        | Found the +9 sword of Zonguldrok {reap}
     1 | D        | Found the cursed +13 scythe of Curses {drain, *Curse}
     1 | D        | Found the +5 sword of Power {vorpal}
     1 | D        | Found the +7 mace of Variability {chain chaos}
     1 | D        | Found the +7 Singing Sword {vorpal, sonic wave}
     1 | D        | Found the +8 storm bow {elec, penet}
     2 | D        | Found a transporter.
     2 | D        | Found an ancient bone altar of Kikubaaqudgha.
     2 | D        | Found a viscous altar of Jiyva.
     2 | D        | Found a corrupted altar of Lugonu.
     2 | D        | Found a hazy altar of Hepliaklqana.
     2 | D        | Found a burning altar of Makhleb.
     2 | D        | Found an opulent altar of Gozag.
     4 | D        | Banished a spatial maelstrom
     7 | D        | Banished a spatial maelstrom
   100 | D        | Became a worshipper of Cheibriados the Contemplative
   108 | D        | Entered arena 2.
   108 | D        | Noticed an iguana
   108 | D        | Found a transporter.
   120 | D        | Killed an iguana
   120 | D        | Reached * piety under Cheibriados
   121 | D        | Reached skill level 1 in Fighting
   121 | D        | Reached skill level 1 in Short Blades
   121 | D        | Reached skill level 1 in Long Blades
   121 | D        | Reached skill level 1 in Axes
   121 | D        | Reached skill level 1 in Maces & Flails
   121 | D        | Reached skill level 1 in Polearms
   121 | D        | Reached skill level 1 in Staves
   121 | D        | Reached skill level 1 in Slings
   121 | D        | Reached skill level 1 in Bows
   121 | D        | Reached skill level 1 in Crossbows
   121 | D        | Reached skill level 1 in Throwing
   121 | D        | Reached skill level 1 in Armour
   121 | D        | Reached skill level 1 in Shields
   121 | D        | Reached skill level 1 in Unarmed Combat
   121 | D        | Reached skill level 5 in Spellcasting
   121 | D        | Reached skill level 1 in Hexes
   121 | D        | Reached skill level 1 in Summonings
   121 | D        | Reached skill level 1 in Necromancy
   121 | D        | Reached skill level 1 in Translocations
   121 | D        | Reached skill level 1 in Transmutations
   121 | D        | Reached skill level 1 in Ice Magic
   121 | D        | Reached skill level 1 in Air Magic
   121 | D        | Reached skill level 1 in Earth Magic
   121 | D        | Reached skill level 1 in Poison Magic
   121 | D        | Reached skill level 1 in Evocations
   121 | D        | Reached XP level 2. HP: 5/22 MP: 8/8
   121 | D        | Reached XP level 3. HP: 6/27 MP: 9/9
   346 | D        | Entered arena 3.
   346 | D        | Found a transporter.
   348 | D        | Reached ** piety under Cheibriados
   352 | D        | Reached skill level 5 in Dodging
   352 | D        | Reached XP level 4. HP: 34/34 MP: 9/11
   364 | D        | Entered arena 4.
   364 | D        | Found a transporter.
   375 | D        | Reached skill level 5 in Stealth
   375 | D        | Reached *** piety under Cheibriados
   382 | D        | Got the cursed +0 great sword "Gnoll's Peril" {holy, Str+4
                  | Stlth+}
   465 | D        | Entered arena 5.
   465 | D        | Found a transporter.
   468 | D        | Reached XP level 5. HP: 41/41 MP: 13/13
   468 | D        | Reached **** piety under Cheibriados
   469 | D        | Reached ***** piety under Cheibriados
   478 | D        | Entered arena 6.
   478 | D        | Noticed a golden eye
   478 | D        | Found a transporter.
   497 | D        | Killed a golden eye
   498 | D        | Reached XP level 6. HP: 29/49 MP: 13/15
   628 | D        | Entered arena 7.
   628 | D        | Noticed a red devil
   628 | D        | Noticed a soul eater
   628 | D        | Noticed Diycat the pandemonium lord
   628 | D        | Noticed an orange demon
   628 | D        | Noticed a ynoxinul
   629 | D        | Found a transporter.
   630 | D        | Noticed a smoke demon
   630 | D        | Noticed a sixfirhy
   630 | D        | Noticed a smoke demon
   632 | D        | Reached ****** piety under Cheibriados
   633 | D        | Killed a red devil
   633 | D        | Killed a ynoxinul
   634 | D        | Reached skill level 5 in Fighting
   634 | D        | Reached skill level 5 in Short Blades
   634 | D        | Reached skill level 5 in Long Blades
   634 | D        | Reached skill level 5 in Axes
   634 | D        | Reached skill level 5 in Maces & Flails
   634 | D        | Reached skill level 5 in Polearms
   634 | D        | Reached skill level 5 in Staves
   634 | D        | Reached skill level 5 in Slings
   634 | D        | Reached skill level 5 in Bows
   634 | D        | Reached skill level 5 in Crossbows
   634 | D        | Reached skill level 5 in Throwing
   634 | D        | Reached skill level 5 in Armour
   634 | D        | Reached skill level 5 in Shields
   634 | D        | Reached skill level 5 in Unarmed Combat
   634 | D        | Reached skill level 5 in Conjurations
   634 | D        | Reached skill level 5 in Evocations
   634 | D        | Reached XP level 7. HP: 35/57 MP: 5/18
   634 | D        | Noticed a sixfirhy
   635 | D        | Killed an orange demon
   636 | D        | Reached skill level 5 in Hexes
   636 | D        | Reached skill level 5 in Summonings
   636 | D        | Reached skill level 5 in Necromancy
   636 | D        | Reached skill level 5 in Translocations
   636 | D        | Reached skill level 5 in Transmutations
   636 | D        | Reached skill level 5 in Ice Magic
   636 | D        | Reached skill level 5 in Air Magic
   636 | D        | Reached skill level 5 in Earth Magic
   636 | D        | Reached skill level 5 in Poison Magic
   636 | D        | Reached XP level 8. HP: 29/64 MP: 5/20
   637 | D        | Noticed a red devil
   638 | D        | Noticed an ice devil
   640 | D        | Killed a soul eater
   641 | D        | Noticed a red devil
   641 | D        | Noticed a rust devil
   643 | D        | Killed Diycat the pandemonium lord
   644 | D        | Reached skill level 10 in Dodging
   644 | D        | Reached skill level 10 in Stealth
   644 | D        | Reached skill level 10 in Spellcasting
   644 | D        | Reached skill level 10 in Invocations
   644 | D        | Reached XP level 9. HP: 58/77 MP: 7/23
   644 | D        | Reached XP level 10. HP: 63/83 MP: 7/24
   778 | D        | Got the cursed -4 pair of boots of the Cockatrice {Str+4}
   782 | D        | Got the +6 flail of Fedhas's Whim {venom, *Contam rElec rC+
                  | Int+2}
   789 | D        | Entered arena 8.
   789 | D        | Noticed a vault guard
   789 | D        | Noticed an ironbrand convoker
   789 | D        | Noticed a wizard
   789 | D        | Noticed a yaktaur captain
   789 | D        | Noticed an orc knight
   790 | D        | Found the +3 salamander hide armour {Flames rF++ rC--}
   790 | D        | Found the +6 lightning scales {run, rElec}
   790 | D        | Found a transporter.
   797 | D        | Killed a vault guard
   798 | D        | Reached XP level 11. HP: 71/90 MP: 25/25
   799 | D        | Killed an ironbrand convoker
   799 | D        | Killed an orc knight
   800 | D        | Reached skill level 10 in Fighting
   800 | D        | Reached skill level 10 in Short Blades
   800 | D        | Reached skill level 10 in Long Blades
   800 | D        | Reached skill level 10 in Axes
   800 | D        | Reached skill level 10 in Maces & Flails
   800 | D        | Reached skill level 10 in Polearms
   800 | D        | Reached skill level 10 in Staves
   800 | D        | Reached skill level 10 in Slings
   800 | D        | Reached skill level 10 in Bows
   800 | D        | Reached skill level 10 in Crossbows
   800 | D        | Reached skill level 10 in Throwing
   800 | D        | Reached skill level 10 in Armour
   800 | D        | Reached skill level 10 in Shields
   800 | D        | Reached skill level 10 in Unarmed Combat
   800 | D        | Reached skill level 10 in Fire Magic
   800 | D        | Reached skill level 10 in Evocations
   803 | D        | Killed a yaktaur captain
   805 | D        | Killed a wizard
   898 | D        | Learned a level 5 spell: Summon Forest
   915 | D        | Learned a level 5 spell: Silence
   925 | D        | Entered arena 9.
   926 | D        | Found a transporter.
   937 | D        | Got the cursed ring of the Present {Will+ EV-4}
   943 | D        | Entered arena 10.
   944 | D        | Found a transporter.
   962 | D        | Entered arena 11.
   963 | D        | Found the +8 trident of the Octopus King {venom, rElec
                  | rPois Will+}
   963 | D        | Found a transporter.
  1002 | D        | Learned a level 9 spell: Fire Storm
  1022 | D        | Entered arena 12.
  1022 | D        | Noticed a naga warrior
  1022 | D        | Noticed an anaconda
  1022 | D        | Noticed an anaconda
  1026 | D        | Killed an anaconda
  1033 | D        | Killed an anaconda
  1034 | D        | Reached XP level 12. HP: 19/100 MP: 21/27
  1035 | D        | Killed a naga warrior
  1092 | D        | Found a transporter.
  1098 | D        | Got the Guide on Burning Battle Magic
  1380 | D        | Got the +2 pair of gloves "Ideafi" {+Blink Str+3 Int-2
                  | Dex+3}
  1384 | D        | Entered arena 13.
  1384 | D        | Noticed a naga warrior
  1385 | D        | Noticed a naga warrior
  1393 | D        | Killed a naga warrior
  1394 | D        | Reached skill level 10 in Conjurations
  1401 | D        | HP: 2/100 [naga warrior/+0 mace (4)]
  1415 | D        | Killed a naga warrior
  1417 | D        | Found a transporter.
  1528 | D        | Got the ring "Bach" {Fire rElec Int+7 Dex+3}
  1697 | D        | Entered arena 14.
  1698 | D        | Noticed an orc warlord
  1704 | D        | Reached skill level 10 in Hexes
  1704 | D        | Reached skill level 10 in Summonings
  1704 | D        | Reached skill level 10 in Necromancy
  1704 | D        | Reached skill level 10 in Translocations
  1704 | D        | Reached skill level 10 in Transmutations
  1704 | D        | Reached skill level 10 in Ice Magic
  1704 | D        | Reached skill level 10 in Air Magic
  1704 | D        | Reached skill level 10 in Earth Magic
  1704 | D        | Reached skill level 10 in Poison Magic
  1704 | D        | Found a transporter.
  1711 | D        | Demolished by an orc warlord

Illustrated notes

Levels and vault maps discovered:
D:        sprint_v [room_start, room_1, room_2, room_3, room_4, room_5, room_6,
          room_7, room_8, room_9, room_10, room_11, room_12, room_13, room_14,
          room_15, room_16, room_17, room_18, room_19, room_20, room_21,
          room_22, room_23, room_24, room_25, room_26, room_27]

Skill      XL: |  1  2  3  4  5  6  7  8  9 10 11 12 |
---------------+-------------------------------------+-----
Fighting       | 1 2 3 4 5 6 9 11 | 11.8
Short Blades   | 1 2 3 4 5 6 9 11 | 11.8
Long Blades    | 1 2 3 4 5 6 9 11 | 11.8
Axes           | 1 2 3 4 5 6 9 11 | 11.8
Maces & Flails | 1 2 3 4 5 6 9 11 | 11.8
Polearms       | 1 2 3 4 5 6 9 11 | 11.8
Staves         | 1 2 3 4 5 6 9 11 | 11.8
Slings         | 1 2 3 4 5 6 9 11 | 11.8
Bows           | 1 2 3 4 5 6 9 11 | 11.8
Crossbows      | 1 2 3 4 5 6 9 11 | 11.8
Throwing       | 1 2 3 4 5 6 9 11 | 11.8
Armour         | 1 2 3 4 5 6 9 11 | 11.8
Shields        | 1 2 3 4 5 6 9 11 | 11.8
Unarmed Combat | 1 2 3 4 5 6 9 11 | 11.8
Spellcasting   | 5 6 7 8 10 11 12 | 12.7
Conjurations   | 2 3 4 5 8 9 10 | 10.3
Hexes          | 1 2 3 4 5 7 8 9 10 | 10.1
Summonings     | 1 2 3 4 5 7 8 9 10 | 10.1
Necromancy     | 1 2 3 4 5 7 8 9 10 | 10.1
Translocations | 1 2 3 4 5 7 8 9 10 | 10.1
Transmutations | 1 2 3 4 5 7 8 9 10 | 10.1
Ice Magic      | 1 2 3 4 5 7 8 9 10 | 10.1
Air Magic      | 1 2 3 4 5 7 8 9 10 | 10.1
Earth Magic    | 1 2 3 4 5 7 8 9 10 | 10.1
Poison Magic   | 1 2 3 4 5 7 8 9 10 | 10.1
Invocations    | 2 3 4 6 10 11 12 | 12.7
Evocations     | 1 2 3 4 5 6 9 11 | 11.8
Dodging        | 5 6 7 10 11 12 | 12.5
Stealth        | 5 6 7 10 11 12 | 12.4
Fire Magic     | 6 7 9 10 11 | 11.4

Action                   |  1- 3 |  4- 6 |  7- 9 | 10-12 || total
-------------------------+-------+-------+-------+-------++-------
Melee: Double sword      |    15 |    24 |     9 |    81 ||   129
       Bite              |     2 |     3 |     3 |    12 ||    20
 Cast: Summon Forest     |       |       |       |     1 ||     1
Invok: Slouch            |       |     2 |       |     1 ||     3
       Bend Time         |       |       |       |     1 ||     1
  Use: Potion            |       |     1 |     1 |     2 ||     4
Armor: Gold dragon scale |    12 |   115 |     3 |    39 ||   169
Dodge: Dodged            |       |     4 |       |    14 ||    18
Block: Kite shield       |    32 |    62 |    17 |   181 ||   292
       Rpst.: Double sword |       |       |       |     4 ||     4

Table legend: (Time is in decaauts)
 A = Elapsed time spent in this place.
 B = Non-inter-level travel time spent in this place.
 C = Inter-level travel time spent in this place.
 D = Time resting spent in this place.
 E = Time spent auto-exploring this place.
 F = Levels seen in this place.
 G = Mean time per level.
                   A        B        C        D        E       F      G
               +--------+--------+--------+--------+--------+-----+--------+
         Total |   1866 |   1866 |      0 |   1098 |    166 |   1 | 1866.0 |
       Dungeon |   1866 |   1866 |      0 |   1098 |    166 |   1 | 1866.0 |
               +--------+--------+--------+--------+--------+-----+--------+

Top non-repeatable levels by time:
       D: 1866 daAuts
